 Dungeon Crawl Stone Soup version 0.24-a0-618-ge4662a2d14 (webtiles) character file.

Game seed: 9512041525031910392, levelgen mode: deterministic

336 schorsch312 the Chopper (level 6, -1/52 HPs)
             Began as a Hill Orc Fighter on Sept 16, 2019.
             Was an Initiate of Beogh.
             Slain by an orc wizard
             ... wielding a +0 dagger
              (3 damage)
             ... on level 4 of the Dungeon.
             The game lasted 00:09:10 (2660 turns).

schorsch312 the Chopper (Hill Orc Fighter)          Turns: 2660, Time: 00:09:13

Health: -1/52      AC:  8    Str: 19    XL:     6   Next: 54%
Magic:  6/6        EV: 10    Int:  8    God:    Beogh [......]
Gold:   172        SH:  0    Dex: 12    Spells: 5/5 levels left

rFire    . . .     SeeInvis .   p - +2 quarterstaff (chaos)
rCold    + . .     Gourm    .   (shield currently unavailable)
rNeg     . . .     Faith    .   b - +0 scale mail
rPois    .         Spirit   .   (no helmet)
rElec    .         Reflect  .   q - +0 cloak
rCorr    .         Harm     .   (no gloves)
MR       .....                  (no boots)
Stlth    ..........             (no amulet)
HPRegen  0.17/turn              i - ring of protection from cold
MPRegen  0.10/turn              (no ring)

@: no status effects
A: no striking features
a: Renounce Religion


You were on level 4 of the Dungeon.
You worshipped Beogh.
Beogh was noncommittal.
You were hungry.

You visited 1 branch of the dungeon, and saw 4 of its levels.

You collected 172 gold pieces.

Inventory:

Hand Weapons
 a - a +0 war axe
 p - a +2 quarterstaff of chaos (weapon)
Armour
 b - a +0 scale mail (worn)
 c - a +0 shield
 q - a +0 cloak (worn)
Jewellery
 i - a ring of protection from cold (left hand)
Wands
 e - a wand of flame (29)
Scrolls
 j - a scroll of enchant armour {unknown}
 m - 4 scrolls of teleportation {unknown}
 o - 4 scrolls of remove curse {unknown}
 r - a scroll of identify
Potions
 d - 2 potions of might
 h - a potion of resistance {unknown}
 k - a potion of invisibility {unknown}
 l - 3 potions of curing {unknown}
 n - a potion of mutation {unknown}
Comestibles
 f - 6 rations
 s - a chunk of flesh


   Skills:
 - Level 3.6 Fighting
 - Level 5.2 Axes
 * Level 4.4 Staves
 - Level 3.3 Armour
 - Level 1.0 Dodging
 - Level 3.3 Shields


You had 5 spell levels left.
You didn't know any spells.
Your spell library was empty.

Dungeon Overview and Level Annotations

Branches:
Dungeon (4/15)
 Temple: D:4-7

Altars:
Nemelex Xobeh
Ru
Xom


Message History

You kill the orc wizard!
Beogh accepts your kill. The orc hits you with a +0 mace.
* * * LOW HITPOINT WARNING * * *
The orc wizard gestures wildly while chanting.
The orc wizard blinks!
The orc hits you with a +0 mace.
* * * LOW HITPOINT WARNING * * *
Items here: ( ) [ † a +1 dagger of speed; a cursed -2 robe; 21 sling bullets; an orc corpse You closely miss the orc.
The orc closely misses you. The orc barely misses you.
The orc hits you but does no damage.
You barely miss the orc. The orc hits you but does no damage.
You sock the orc! You burn the orc.
You kill the orc!
Beogh accepts your kill.
You feel yourself speed up.
The orc wizard hits you but does no damage.
The orc wizard hits you with a +0 dagger.
You die...
Beogh appreciates the orc wizard's killing of a heretic priest.

.. #. #
##.## #.
.... ..
#.$# ..
..# #.
#o#
#.##.#o#
#....)@#
####.###
#. #


You could see an orc wizard and an orc.

Vanquished Creatures
  5 orc wizards
  Crazy Yiuf (D:2)
  Natasha (twice) (D:3)
  6 adders
  2 worms
  A leopard gecko (D:3)
  7 orcs
  3 giant cockroaches
  4 goblins
  7 hobgoblins
  2 quokkas
  2 ball pythons
  7 bats
  4 frilled lizards
  5 kobolds
  9 rats
  4 toadstools (D:1)
71 creatures vanquished.

Vanquished Creatures (others)
  2 orcs (D:3)
2 creatures vanquished.

Grand Total: 73 creatures vanquished

Notes
Turn   | Place    | Note
-------+----------+-------------------------------------------
     0 | D:1      | schorsch312 the Hill Orc Fighter began the quest for the
                  | Orb.
     0 | D:1      | Reached XP level 1. HP: 19/19 MP: 1/1
   236 | D:1      | Reached skill level 3 in Axes
   399 | D:1      | Reached XP level 2. HP: 10/27 MP: 2/2
   928 | D:2      | Reached skill level 4 in Axes
  1000 | D:2      | Reached XP level 3. HP: 28/33 MP: 3/3
  1033 | D:2      | Found a sacrificial altar of Ru.
  1411 | D:2      | Found a runed translucent door.
  1412 | D:2      | Noticed Crazy Yiuf
  1596 | D:2      | Killed Crazy Yiuf
  1596 | D:2      | Reached skill level 5 in Axes
  1596 | D:2      | Reached skill level 1 in Dodging
  1596 | D:2      | Reached XP level 4. HP: 31/40 MP: 4/4
  2005 | D:3      | Reached skill level 1 in Staves
  2014 | D:3      | Found a shimmering altar of Xom.
  2228 | D:3      | Noticed Natasha
  2240 | D:3      | Reached XP level 5. HP: 36/46 MP: 5/5
  2244 | D:3      | Killed Natasha
  2292 | D:3      | Became a worshipper of Beogh the Brigand
  2384 | D:3      | Found a sparkling altar of Nemelex Xobeh.
  2476 | D:3      | Noticed Natasha
  2487 | D:3      | Killed Natasha
  2525 | D:3      | Reached XP level 6. HP: 33/52 MP: 6/6
  2657 | D:4      | HP: 1/52 [orc/+0 mace (3)]
  2660 | D:4      | Slain by an orc wizard

Levels and vault maps discovered:
D:1:      ldierk_water_garden, layout_loops_cross, serial_glass,
          glass_columns_a, glass_columns_a, minmay_misc_feat_doors
D:2:      layout_loops_ring, hangedman_ru_absence, first_ration,
          kennysheep_flooded_box, uniq_crazy_yiuf_cottage
D:3:      layout_basic, brannock_xom_greatest_gift,
          nemelex_xobeh_ov_fountains_minmay, uniq_natasha
D:4:      layout_loops_cross, chequers_temple_overflow_statue_of_worship

Skill      XL: |  1  2  3  4  5  6 |
---------------+-------------------+-----
Axes           | 3 4 5 |  5.2
Dodging        | 1 |  1.0
Staves         | 2 3 4 |  4.4
Fighting       | |  3.6
Armour         | |  3.3
Shields        | |  3.3

Action                   |  1- 3 |  4- 6 || total
-------------------------+-------+-------++-------
Melee: War axe           |    98 |       ||    98
       Quarterstaff      |       |   123 ||   123
Invok: Convert to Beogh  |       |     1 ||     1
  Use: Scroll            |     1 |       ||     1
       Potion            |       |     2 ||     2
 Stab: Petrifying        |       |     1 ||     1
       Paralysed         |       |     1 ||     1
  Eat: Chunk             |     1 |     1 ||     2
       Ration            |     1 |       ||     1
Armor: Scale mail        |    27 |    62 ||    89
Dodge: Dodged            |    34 |    93 ||   127
Block: Shield            |    54 |       ||    54

Table legend:
 A = Non-vault XP
 B = Vault XP
 C = Vault XP percentage of total XP
 D = Non-vault monster count
 E = Vault monster count
 F = Vault count percentage of total count
                 A         B        C        D         E       F
            +---------+---------+-------+---------+---------+-------
      Total |     404 |      76 |  15.8 |      65 |       2 |   3.0
            +---------+---------+-------+---------+---------+-------
        D:1 |      23 |       0 |   0.0 |      16 |       0 |   0.0
        D:2 |      37 |      41 |  52.6 |      15 |       1 |   6.2
        D:3 |     186 |      35 |  15.8 |      27 |       1 |   3.6
        D:4 |     158 |       0 |   0.0 |       7 |       0 |   0.0
            +---------+---------+-------+---------+---------+-------
